 Dungeon Crawl Stone Soup version 0.20.1-1-g8b1a95d (webtiles) character file.

2769 Linguinho the Grappler (level 9, 0/85 HPs)
             Began as a Troll Monk on Oct 28, 2017.
             Slain by an unseen horror (5 damage)
             ... on level 6 of the Dungeon.
             The game lasted 00:18:01 (4966 turns).

Linguinho the Grappler (Troll Monk)                 Turns: 4966, Time: 00:18:01

Health: 0/85       AC:  6    Str: 23    XL:     9   Next: 42%
Magic:  8/8        EV: 12    Int:  6    God:
Gold:   316        SH:  0    Dex: 13    Spells: 8/8 levels left

rFire    . . .     SeeInvis .     - Unarmed
rCold    . . .     Gourm    +   (no shield)
rNeg     . . .     Faith    .   a - +1 robe
rPois    .         Spirit   .   (helmet restricted)
rElec    .         Reflect  .   (no cloak)
rCorr    .         Harm     .   (gloves unavailable)
MR       .....                  (boots unavailable)
Stlth    ++........             q - amulet of rage
Regen    0.7/turn               (no ring)
MPRegen  0.2/turn               (no ring)

@: no status effects
A: unfitting armour, claws 3, fast metabolism 3, gourmand, regeneration 1,
shaggy fur 1, tough skin 2
a: Evoke Berserk Rage


You were on level 6 of the Dungeon.
You were full.

You visited 1 branch of the dungeon, and saw 7 of its levels.

You collected 316 gold pieces.

Inventory:

Armour
 a - a +1 robe (worn)
Jewellery
 i - an uncursed ring of wizardry {unknown}
 q - an amulet of rage (around neck)
 r - a +2 amulet of reflection
 x - an uncursed ring of see invisible {unknown}
 C - an uncursed ring of stealth {unknown}
Wands
 j - a wand of flame (20/48)
 s - a wand of random effects (31/48)
 B - a wand of digging (9/24)
Scrolls
 c - 7 scrolls of remove curse
 d - 2 scrolls of teleportation
 h - 2 scrolls of identify
 n - 2 scrolls of enchant armour
 o - a scroll of immolation
 y - a scroll of fear {unknown}
Potions
 e - a potion of resistance
 g - 2 potions of magic
 k - a potion of flight
 l - a potion of brilliance
 m - a potion of berserk rage {unknown}
 p - 4 potions of mutation
 v - a potion of curing
 w - a potion of degeneration {unknown}
 A - a potion of haste {unknown}
Books
 t - a book of Changes

   Spells                             Type                      Level
   a - Beastly Appendage              Transmutation                1
   b - Sticks to Snakes               Transmutation                2
   c - Spider Form                    Transmutation/Poison         3
   d - Ice Form                       Ice/Transmutation            4
   e - Blade Hands                    Transmutation                5
 u - a book of Misfortune

   Spells                             Type                      Level
   a - Confusing Touch                Hexes                        1
   b - Confuse                        Hexes                        3
   c - Gell's Gravitas                Translocation                3
   d - Petrify                        Transmutation/Earth          4
   e - Metabolic Englaciation         Hexes/Ice                    5
   f - Yara's Violent Unravelling     Hexes/Transmutation          5
Comestibles
 b - 6 bread rations
 f - a meat ration
 z - 4 fruits


   Skills:
 + Level 4.4 Fighting
 + Level 4.8 Dodging
 + Level 3.0 Stealth
 + Level 10.4 Unarmed Combat
 + Level 0.9 Evocations


You had 8 spell levels left.
You didn't know any spells.

Dungeon Overview and Level Annotations

Branches:
Dungeon (7/15)
 Temple: D:4-7

Altars:
Fedhas
The Shining One

Shops:
D:5 %

Annotations:
D:6 2 runed doors


Innate Abilities, Weirdness & Mutations

You are too large for most types of armour.
You have claws for hands.
Your metabolism is lightning-fast.
You like to eat raw meat.
Your natural rate of healing is unusually fast.
You are covered in fur. (AC +1)
You have very tough skin. (AC +2)


Message History

Something hits you. Something hits you but does no damage.
You barely miss something. Something hits you but does no damage.
Something hits you but does no damage. Something hits you. Something hits you.
Something hits you.
You claw something! Something hits you. Something hits you but does no damage.
Something hits you. Something hits you.
You claw something! Something hits you. Something hits you. Something hits you!
* * * LOW HITPOINT WARNING * * *
Something hits you.
* * * LOW HITPOINT WARNING * * *
You miss something. Something hits you.
* * * LOW HITPOINT WARNING * * *
Something hits you!
* * * LOW HITPOINT WARNING * * *
Something hits you.
You die...

.................#
...<.......†.#.###
.................#
...............###
#...............#
....#.###.##.#.##
#...#. #.##.#.# .
# #.##.#.# #@##.#
# #.##.# ..# .#
####


There were no monsters in sight!

Vanquished Creatures
  A two-headed ogre (D:6)
  Sigmund (D:4)
  The ghost of Linguinho the Ruffian, an amateur TrMo (D:4)
  An orc warrior (D:6)
  A necrophage (D:6)
  A sky beast (D:6)
  A phantom (D:6)
  An ice beast (D:6)
  2 ogres
  3 centaurs
  A big kobold (D:3)
  Blork the orc (D:4)
  2 howler monkeys
  2 jellies (D:6)
  3 crimson imps
  3 hounds
  2 orc priests (D:4)
  A centaur skeleton (D:4)
  2 orc wizards
  An iguana (D:6)
  3 worker ants
  Natasha (thrice) (D:4)
  A hound skeleton (D:6)
  A howler monkey zombie (D:6)
  A howler monkey skeleton (D:6)
  11 adders
  An ooze (D:3)
  An adder skeleton (D:7)
  2 worms
  4 leopard geckos (D:1)
  19 orcs
  2 giant cockroaches
  6 hobgoblins
  3 jackals (D:2)
  4 quokkas
  2 ball pythons (D:3)
  3 bats
  3 frilled lizards
  9 goblins
  11 kobolds
  2 leopard gecko skeletons
  A quokka skeleton (D:6)
  A quokka zombie (D:6)
  7 rats
132 creatures vanquished.

Notes
Turn   | Place    | Note
-------+----------+-------------------------------------------
     0 | D:1      | Linguinho the Troll Monk began the quest for the Orb.
     0 | D:1      | Reached XP level 1. HP: 22/22 MP: 0/0
    79 | D:1      | Reached XP level 2. HP: 27/29 MP: 1/1
   145 | D:1      | Found a glowing golden altar of the Shining One.
   794 | D:2      | Reached XP level 3. HP: 36/36 MP: 2/2
  1480 | D:3      | Reached XP level 4. HP: 44/44 MP: 3/3
  1496 | D:3      | Reached skill level 4 in Unarmed Combat
  1523 | D:3      | Noticed a big kobold
  1532 | D:3      | Killed a big kobold
  1532 | D:3      | Reached XP level 5. HP: 49/53 MP: 4/4
  1959 | D:4      | Reached skill level 5 in Unarmed Combat
  2020 | D:4      | Reached XP level 6. HP: 53/61 MP: 5/5
  2365 | D:4      | Noticed Natasha
  2372 | D:4      | Killed Natasha
  2381 | D:4      | Reached skill level 6 in Unarmed Combat
  2446 | D:4      | Noticed Linguinho's ghost (amateur TrMo)
  2446 | D:4      | Noticed Natasha
  2460 | D:4      | Killed Natasha
  2460 | D:4      | Reached XP level 7. HP: 11/67 MP: 6/6
  2465 | D:4      | Killed Linguinho's ghost
  2605 | D:4      | Noticed Blork the orc
  2614 | D:4      | Killed Blork the orc
  2630 | D:4      | Found a blossoming altar of Fedhas.
  2760 | D:4      | Noticed Sigmund
  2774 | D:4      | Killed Sigmund
  2774 | D:4      | Reached skill level 7 in Unarmed Combat
  2943 | D:4      | Noticed Natasha
  2952 | D:4      | Killed Natasha
  2963 | D:5      | Entered Level 5 of the Dungeon
  2989 | D:5      | Reached XP level 8. HP: 73/75 MP: 7/7
  3044 | D:5      | Found Qopyll's Food Shop.
  3763 | D:6      | Reached skill level 8 in Unarmed Combat
  3834 | D:6      | Found a large runed door.
  3839 | D:6      | Found a large runed door.
  4081 | D:6      | Found a large runed door.
  4084 | D:6      | Found a large runed door.
  4224 | D:6      | Reached skill level 9 in Unarmed Combat
  4347 | D:6      | Reached XP level 9. HP: 13/84 MP: 8/8
  4348 | D:6      | HP: 3/84 [something (4)]
  4603 | D:6      | Noticed a two-headed ogre
  4775 | D:6      | Killed a two-headed ogre
  4775 | D:6      | Reached skill level 10 in Unarmed Combat
  4966 | D:6      | Slain by an unseen horror

Skill      XL: |  1  2  3  4  5  6  7  8  9 |
---------------+----------------------------+-----
Fighting       | 3 4 |  4.4
Unarmed Combat | 4 5 6 7 9 10 | 10.4
Dodging        | 3 4 |  4.8
Stealth        | 2 3 |  3.0
Evocations     | |  0.9

Action                   |  1- 3 |  4- 6 |  7- 9 || total
-------------------------+-------+-------+-------++-------
Melee: Unarmed           |    77 |   147 |   165 ||   389
       Punch             |     2 |     3 |     5 ||    10
 Abil: Evoke Berserk Rag |       |     2 |     1 ||     3
  Use: Scroll            |       |    16 |     1 ||    17
       Potion            |       |     1 |       ||     1
 Stab: Sleeping          |       |     4 |     3 ||     7
  Eat: Chunk             |    11 |    11 |    25 ||    47
       Bread ration      |       |       |     1 ||     1
Armor: Robe              |    21 |    22 |    37 ||    80
Dodge: Dodged            |    41 |    82 |    64 ||   187
